 Dungeon Crawl Stone Soup version 0.31.0-9-g3a7656b989 (webtiles) character file.

Game seed: 607091870612057222

79 qw the Shooter (level 4, 0/25 HPs)
             Began as a Deep Elf Hunter on Feb 2, 2024.
             Shot with a sling bullet by a gnoll (8 damage)
             ... on level 3 of the Dungeon.
             The game lasted 00:00:04 (1505 turns).

qw the Shooter (Deep Elf Hunter)                    Turns: 1505, Time: 00:00:05

Health: 0/25       AC:  3    Str: 10    XL:     4   Next: 17%
Magic:  6/6        EV: 12    Int: 14    God:
Gold:   120        SH:  0    Dex: 18    Spells: 3/3 levels left

rFire   . . .        a - +1 shortbow
rCold   . . .        (shield currently unavailable)
rNeg    . . .        c - +0 leather armour
rPois   +            (no helmet)
rElec   .            (no cloak)
rCorr   .            (no gloves)
SInv    .            (no boots)
Will    .....        (no amulet)
Stlth   ++           g - ring of poison resistance
HPRegen 0.24/turn    (no ring)
MPRegen 0.10/turn

%: no passive effects
@: no status effects
A: no striking features
a: no special abilities


You were on level 3 of the Dungeon.
You visited 1 branch of the dungeon, and saw 3 of its levels.

You collected 120 gold pieces.


   Skills:
 - Level 1.5 Fighting
 + Level 7.6 Ranged Weapons
 - Level 2.4 Dodging
 - Level 1.2 Stealth


You had 3 spell levels left.
You didn't know any spells.
Your spell library was empty.

Inventory:

Hand Weapons
 a - a +1 shortbow (weapon)
Armour
 b - a +0 ring mail
 c - a +0 leather armour (worn)
Jewellery
 f - a ring of protection from cold
 g - a ring of poison resistance (left hand)
Scrolls
 d - a scroll of teleportation
Potions
 e - 2 potions of enlightenment {unknown}
 i - a potion of mutation

Dungeon Overview and Level Annotations

Branches:
Dungeon (3/15)

Altars:


Message History

HP restored.
d - a scroll of teleportation;
e - 2 metallic dark potions A gnoll comes into view.
It is wielding a +0 spear.
The gnoll moves out of view.
f - a ring of protection from cold 2 gnolls and a hobgoblin come into view.
The gnoll shouts! x2; The hobgoblin shouts!
A gnoll comes into view. It is wielding a +0 flail.
1494 ||| RETREEEEATING.
You shoot an arrow. The gnoll shouts!
The arrow hits the gnoll but does no damage.
The gnoll unwields a +0 flail.
The gnoll wields a +0 sling.
The gnoll shoots a sling bullet.
The sling bullet closely misses you.
You hear a shout!
1496 ||| RETREEEEATING.
You shoot an arrow. The arrow hits the gnoll.
The gnoll is heavily wounded.
You shoot an arrow. The arrow hits the gnoll.
The gnoll is severely wounded.
The gnoll hits you with a +0 whip!
You shoot an arrow. The arrow hits the gnoll.
You kill the gnoll!
The gnoll hits you with a +0 whip.
You have reached level 4!
You feel clever.
You shoot an arrow. The arrow hits the gnoll!
The gnoll is severely wounded.
The gnoll barely misses you.
You shoot an arrow. The arrow hits the gnoll!
You kill the gnoll!
You shoot an arrow. The arrow hits the hobgoblin!
You kill the hobgoblin!
The gnoll shoots a sling bullet.
The sling bullet hits you but does no damage.
You shoot an arrow.
The arrow hits the gnoll but does no damage.
The gnoll shoots a sling bullet.
The sling bullet hits you.
You shoot an arrow. The arrow barely misses the gnoll.
The gnoll shoots a sling bullet.
The sling bullet hits you!
You die...

### ###### #.. .....
#.# ...# ##.# ...#
#..###...###.
###............
#......).......
...##..@)..?....
#.##.###.g.###. #.##.#
...# #.##.###%..#
...######.......ggg..
>............%%+g.....
##.#####.####.##..g....
#...##.# .......
#######..#.##


You could see a gnoll.

Vanquished Creatures
  An adder (D:2)
  2 gnolls (D:3)
  2 dart slugs (D:1)
  3 ball pythons
  5 bats
  6 endoplasms
  3 giant cockroaches (D:1)
  3 goblins
  4 hobgoblins
  4 jackals (D:3)
  A kobold (D:1)
  3 quokkas
  A rat (D:1)
38 creatures vanquished.

Notes
Turn   | Place    | Note
-------+----------+-------------------------------------------
     0 | D:1      | qw the Deep Elf Hunter began the quest for the Orb.
     0 | D:1      | Reached XP level 1. HP: 12/12 MP: 3/3
     0 | D:1      | 0 ||| qw: Version: 0.3-a-155-g5e7d8dd
     0 | D:1      | 0 ||| qw: Game counter: 1425
     0 | D:1      | 0 ||| qw: Melee chars always use a shield: true
     0 | D:1      | 0 ||| qw: God list: Okawaru
     0 | D:1      | 0 ||| qw: Allow faded altars: false
     0 | D:1      | 0 ||| qw: Do Orc after clearing Dungeon:15 true
     0 | D:1      | 0 ||| qw: Do second Lair branch before Depths: true
     0 | D:1      | 0 ||| qw: Lair rune preference: random
     0 | D:1      | 0 ||| qw: Goals: Normal
     0 | D:1      | 0 ||| PLANNING D:1-11
    73 | D:1      | Reached skill level 6 in Ranged Weapons
    73 | D:1      | Reached XP level 2. HP: 16/16 MP: 4/4
    83 | D:1      | HP: 3/16 [goblin/+0 club (2)]
   361 | D:1      | Reached XP level 3. HP: 20/20 MP: 5/5
   514 | D:1      | 514 ||| UPGRADING to ring of poison resistance.
   515 | D:1      | 515 ||| READING scroll labelled EGIQUC DOUCW.
   616 | D:1      | 616 ||| READING 2 scrolls labelled KAERGH UHOOLE.
   616 | D:1      | 616 ||| IDENTIFYING fuming black potion
   617 | D:1      | 617 ||| READING scroll of identify.
   617 | D:1      | 617 ||| IDENTIFYING bubbling coppery potion
   618 | D:1      | 618 ||| READING scroll labelled BUNKAE CYZANAS.
   619 | D:1      | 619 ||| READING scroll labelled AKLUIDWOMPI.
   619 | D:1      | 619 ||| ENCHANTING +0 shortbow.
   620 | D:1      | 620 ||| READING scroll labelled JAHISTRUMET.
   620 | D:1      | 620 ||| ENCHANTING +0 shortbow.
   621 | D:1      | 621 ||| DROPPING scroll of butterflies.
   622 | D:1      | 622 ||| DROPPING potion of lignification.
   886 | D:2      | Reached skill level 7 in Ranged Weapons
  1374 | D:2      | 1374 ||| READING scroll labelled KOWIMA GODIRPH.
  1378 | D:2      | 1378 ||| READING 2 scrolls labelled GOM NAUGOPRA.
  1379 | D:2      | 1379 ||| READING scroll labelled IROCARI NALEJU.
  1380 | D:2      | 1380 ||| DROPPING scroll of fog.
  1494 | D:3      | 1494 ||| RETREEEEATING.
  1496 | D:3      | 1496 ||| RETREEEEATING.
  1501 | D:3      | Reached XP level 4. HP: 12/25 MP: 6/6
  1505 | D:3      | Shot with a sling bullet by a gnoll

Levels and vault maps discovered:
D:1:      dpeg_arrival_round_a, layout_rooms
D:2:      layout_loops_corners
D:3:      layout_basic, minitemple, minivault_23,
          chequers_serial_rivers_small_3, minmay_misc_feat_cross

Skill      XL: |  1  2  3 |
---------------+----------+-----
Ranged Weapons | 6 7 |  7.6
Fighting       | |  1.5
Dodging        | |  2.4
Stealth        | |  1.2

Action                     |  1- 3 |  4- 6 || total
---------------------------+-------+-------++-------
   Fire: Shortbow          |   113 |     5 ||   118
    Use: Scroll            |     9 |       ||     9
 Armour: Leather armour    |    26 |     3 ||    29
  Dodge: Dodged            |    37 |     1 ||    38

Table legend:
 A = Non-vault XP
 B = Vault XP
 C = Vault XP percentage of total XP
 D = Non-vault monster count
 E = Vault monster count
 F = Vault count percentage of total count
                 A         B        C        D         E       F
            +---------+---------+-------+---------+---------+-------
      Total |     114 |       0 |   0.0 |      38 |       0 |   0.0
            +---------+---------+-------+---------+---------+-------
        D:1 |      41 |       0 |   0.0 |      19 |       0 |   0.0
        D:2 |      31 |       0 |   0.0 |      10 |       0 |   0.0
        D:3 |      42 |       0 |   0.0 |       9 |       0 |   0.0
            +---------+---------+-------+---------+---------+-------
